 Dungeon Crawl Stone Soup version 0.32-a0-485-g70f7560b1c (webtiles) character file.

Game seed: 3616239300815515438

114 horus123 the Cudgeller (level 4, 0/33 HPs)
             Began as a Demonspawn Gladiator on Feb 27, 2024.
             Slain by a kobold
             ... wielding a +0 club
              (1 damage)
             ... on level 4 of the Dungeon.
             The game lasted 00:04:01 (2693 turns).

horus123 the Cudgeller (Demonspawn Gladiator)       Turns: 2693, Time: 00:04:02

Health: 0/33       AC:  4    Str: 20    XL:     4   Next: 66%
Magic:  2/4        EV:  9    Int: 11    God:
Gold:   184        SH:  0    Dex: 14    Spells: 2/3 levels left

rFire   . . .        a - +0 flail
rCold   + . .        v - orb {light}
rNeg    . . .        h - +1 robe {rC+}
rPois   .            c - +0 helmet
rElec   .            (no cloak)
rCorr   .            (no gloves)
SInv    .            (no boots)
Will    .....        (no amulet)
Stlth   +            k - +6 ring of strength
HPRegen 0.25/turn    (no ring)
MPRegen 0.09/turn

%: no passive effects
@: attractive, hasted, glowing, constricted, very quick
A: claws 1, demonic guardian 1
a: no special abilities


You were on level 4 of the Dungeon.
You visited 1 branch of the dungeon, and saw 4 of its levels.

You collected 184 gold pieces.

Inventory:

Hand Weapons
 a - a +0 flail (weapon)
Missiles
 d - 3 throwing nets
 e - a javelin
Armour
 c - a +0 helmet (worn)
 h - a +1 robe of cold resistance (worn)
 v - an orb of light (worn)
Jewellery
 k - a +6 ring of strength (left claw)
Scrolls
 b - 2 scrolls of amnesia {unknown}
 g - a scroll of enchant weapon {unknown}
 j - a scroll of poison {unknown}
 m - a scroll of immolation {unknown}
 n - a scroll of enchant armour {unknown}
 q - a scroll of fear {unknown}
 s - a scroll of identify {unknown}
 t - a scroll of fog {unknown}
 u - a scroll of teleportation {unknown}
Potions
 f - a potion of enlightenment {unknown}
 p - a potion of brilliance {unknown}
 r - a potion of curing
 w - a potion of ambrosia {unknown}


   Skills:
 - Level 2.0 Fighting
 + Level 5.0 Maces & Flails
 - Level 1.7 Throwing
 - Level 2.6 Dodging


You had 2 spell levels left.
You knew the following spells:

 Your Spells              Type           Power      Damage    Failure   Level
a - Magic Dart            Conj           0%         1d3       34%         1

Your spell library contained the following spells:

 Spells                   Type           Power      Damage    Failure   Level
 Searing Ray              Conj           0%         2d4       47%         2
 Fulminant Prism          Conj/Alch      0%         3d5       98%         4


Dungeon Overview and Level Annotations

Branches:
Dungeon (4/15)
 Temple: D:4-7

Altars:


Innate Abilities, Weirdness & Mutations

You have sharp fingernails.
A weak demonic guardian rushes to your aid.


Message History

There is a stone staircase leading up here.
It was a potion of curing.
You feel better. The iguana misses you. The kobold barely misses you.
The ball python closely misses you. The ball python grabs you.
The ball python constricts you.
* * * LOW HITPOINT WARNING * * *
It was a potion of attraction.
You feel attractive to monsters. The iguana closely misses you.
The kobold hits you but does no damage.
The ball python bites you but does no damage.
The ball python constricts you.
It was a potion of heal wounds.
You feel much better. The iguana bites you. The kobold hits you with a +0 club.
The ball python closely misses you. The ball python constricts you.
You barely miss the iguana.
The iguana is lightly wounded.
The ball python bites you but does no damage.
The ball python constricts you. The iguana bites you.
The kobold closely misses you. The ball python bites you.
The ball python constricts you.
You hit the iguana.
The iguana is heavily wounded.
The iguana barely misses you. The kobold hits you with a +0 club.
The ball python bites you. The ball python constricts you.
The iguana bites you. The kobold barely misses you.
You sock the iguana!
The iguana is almost dead.
The ball python bites you. The ball python constricts you.
The kobold barely misses you. The iguana bites you.
* * * LOW HITPOINT WARNING * * *
You hit the iguana but do no damage.
The iguana is almost dead.
The ball python misses you. The ball python constricts you.
The iguana bites you.
* * * LOW HITPOINT WARNING * * *
The kobold hits you but does no damage. The ball python bites you.
* * * LOW HITPOINT WARNING * * *
The ball python constricts you.
It was a potion of haste.
You feel yourself speed up. The iguana barely misses you.
The kobold hits you with a +0 club.
You die...

#ß.# ##. .## #
# ##.. ..
#.#####..###...
#.....#......##
!...?...l.=...#
.......@S......
.......K.......
...............
.......).......
...............
...............
..............#
#.....##.....##


You could see an iguana, a ball python and a kobold.

Vanquished Creatures
  A bombardier beetle (D:3)
  2 adders
  A dart slug (D:1)
  A ribbon worm (D:2)
  An orc (D:3)
  3 ball pythons
  7 endoplasms (D:1)
  4 giant cockroaches
  8 goblins
  4 hobgoblins
  3 jackals (D:2)
  A quokka (D:2)
  7 bats
  2 frilled lizards
  6 kobolds
  6 rats
57 creatures vanquished.

Notes
Turn   | Place    | Note
-------+----------+-------------------------------------------
     0 | D:1      | horus123 the Demonspawn Gladiator began the quest for the
                  | Orb.
     0 | D:1      | Reached XP level 1. HP: 16/16 MP: 1/1
   177 | D:1      | Reached skill level 3 in Maces & Flails
   274 | D:1      | Discovered your monstrous ancestry.
   274 | D:1      | Gained mutation: You have sharp fingernails. [demonic
                  | ancestry]
   274 | D:1      | Reached XP level 2. HP: 19/22 MP: 2/2
   597 | D:1      | Gained mutation: A weak demonic guardian rushes to your
                  | aid. [demonic ancestry]
   597 | D:1      | Reached XP level 3. HP: 27/27 MP: 3/3
   599 | D:1      | Learned a level 1 spell: Magic Dart
   892 | D:1      | Reached skill level 4 in Maces & Flails
  1871 | D:3      | Reached XP level 4. HP: 33/33 MP: 4/4
  2671 | D:4      | Reached skill level 5 in Maces & Flails
  2692 | D:4      | HP: 1/33 [ball python (2)]
  2693 | D:4      | Slain by a kobold

Illustrated notes

Levels and vault maps discovered:
D:1:      dpeg_arrival_windows_large_door, layout_basic
D:2:      layout_loops_ring
D:3:      layout_basic
D:4:      layout_rooms, gammafunk_temple_overflow_arena,
          mainiacjoe_overflow_boulevard

Skill      XL: |  1  2  3  4 |
---------------+-------------+-----
Maces & Flails | 3 4 5 |  5.0
Fighting       | |  2.0
Throwing       | |  1.7
Dodging        | |  2.6

Action                     |  1- 3 |  4- 6 || total
---------------------------+-------+-------++-------
  Melee: Flail             |   108 |    30 ||   138
   Cast: Magic Dart        |       |     4 ||     4
    Use: Potion            |       |     4 ||     4
   Stab: Sleeping          |     3 |       ||     3
 Armour: Robe              |    48 |    43 ||    91
         Leather armour    |     3 |       ||     3
  Dodge: Dodged            |    56 |    46 ||   102

Table legend: (Time is in decaauts)
 A = Elapsed time spent in this place.
 B = Non-inter-level travel time spent in this place.
 C = Inter-level travel time spent in this place.
 D = Time resting spent in this place.
 E = Time spent auto-exploring this place.
 F = Levels seen in this place.
 G = Mean time per level.
                   A        B        C        D        E       F      G
               +--------+--------+--------+--------+--------+-----+--------+
         Total |   2720 |   2629 |     91 |      0 |   2178 |   4 |  680.0 |
       Dungeon |   2720 |   2629 |     91 |      0 |   2178 |   4 |  680.0 |
               +--------+--------+--------+--------+--------+-----+--------+

Top non-repeatable levels by time:
     D:1: 999 daAuts
     D:3: 953 daAuts
     D:2: 750 daAuts
     D:4: 17 daAuts
